 Dungeon Crawl Stone Soup version 0.29-a0-418-gc0181ea820 (webtiles) character file.

Game seed: 15630576464223112425

2314 Ijustatesigmund the Magician (level 9, -2/97 HPs)
             Began as a Gnoll Fire Elementalist on May 17, 2022.
             Was a Believer of Cheibriados.
             Slain by a boulder beetle (13 damage)
             ... on level 7 of the Dungeon.
             The game lasted 00:17:41 (7245 turns).

Ijustatesigmund the Magician (GnFE)                 Turns: 7245, Time: 00:17:42

Health: -2/97      AC: 24    Str: 11    XL:     9   Next: 41%
Magic:  11/18      EV:  2    Int: 29    God:    Cheibriados [**....]
Gold:   378        SH:  0    Dex: 17    Spells: 14/21 levels left

rFire   + . .      SeeInvis +   c - +3 flail
rCold   + . .      Faith    .   (no shield)
rNeg    . . .      Spirit   .   (body armour currently unavailable)
rPois   +          Reflect  .   (helmet currently unavailable)
rElec   +          Harm     .   (cloak currently unavailable)
rCorr   +          Rampage  .   (gloves currently unavailable)
Will    .....      NoTele   +   (boots currently unavailable)
Stlth   +++.......              (no amulet)
HPRegen 0.26/turn               i - +6 ring of intelligence
MPRegen 0.16/turn               m - ring of see invisible

@: mighty, tree-form, resistant, very slightly contaminated, very slow
A: stationary, stasis, torment immunity, boosted hp, (fangs 1), strong nose,
distributed training
a: Renounce Religion, Bend Time


You were on level 7 of the Dungeon.
You worshipped Cheibriados.
Cheibriados was pleased with you.
You were a tree.
You visited 2 branches of the dungeon, and saw 8 of its levels.
You also visited: Sewer.

You collected 378 gold pieces.

Inventory:

Hand Weapons
 c - a +3 flail (weapon)
Armour
 a - a +0 troll leather armour (melded)
 n - a +2 cloak of poison resistance (melded)
 p - the +3 pair of boots of Yroxyih (melded) {rPois MP+9 Str+2 Dex-2}
   (You found it on level 5 of the Dungeon)

   Str:       It affects your strength (+2).
   Dex:       It affects your dexterity (-2).
   rPois:     It protects you from poison.
   MP:        It affects your magic capacity (+9).
 u - a +0 helmet (melded)
 x - a +0 pair of gloves (melded)
Jewellery
 g - a ring of fire
 i - a +6 ring of intelligence (left branch)
 m - a ring of see invisible (right branch)
 z - a ring of flight
 A - a ring of wizardry
 B - an amulet of guardian spirit
Wands
 t - a wand of iceblast (5)
Scrolls
 l - 5 scrolls of teleportation
 r - a scroll of immolation
 s - 2 scrolls of brand weapon
 v - 4 scrolls of identify
 w - a scroll of amnesia {unknown}
 y - a scroll of noise {unknown}
 C - a scroll of magic mapping {unknown}
Potions
 d - a potion of invisibility
 h - 3 potions of mutation
 j - a potion of haste
 k - 3 potions of lignification
 o - 3 potions of curing


   Skills:
 + Level 4.2 Fighting
 + Level 4.2 Short Blades
 + Level 4.2 Long Blades
 + Level 4.2 Axes
 + Level 4.2 Maces & Flails
 + Level 4.2 Polearms
 + Level 4.2 Staves
 + Level 4.2 Slings
 + Level 4.2 Bows
 + Level 4.2 Crossbows
 + Level 4.2 Throwing
 + Level 4.2 Armour
 + Level 6.3 Dodging
 + Level 6.0 Stealth
 + Level 4.2 Shields
 + Level 4.2 Unarmed Combat
 + Level 6.6 Spellcasting
 + Level 4.1 Conjurations
 + Level 3.4 Hexes
 + Level 3.4 Summonings
 + Level 3.4 Necromancy
 + Level 3.4 Translocations
 + Level 3.4 Transmutations
 + Level 6.5 Fire Magic
 + Level 3.4 Ice Magic
 + Level 3.4 Air Magic
 + Level 3.4 Earth Magic
 + Level 3.4 Poison Magic
 + Level 4.6 Invocations
 + Level 4.2 Evocations


You had 14 spell levels left.
You knew the following spells:

 Your Spells              Type           Power      Damage    Failure   Level
a - Foxfire               Conj/Fire      100%       2x1d9     1%          1
b - Scorch                Fire           94%        2d9       1%          2
c - Flame Wave            Conj/Fire      40%        2d9       6%          4

Your spell library contained the following spells:

 Spells                   Type           Power      Damage    Failure   Level
 Conjure Flame            Conj/Fire      40%        6-21      1%          3
 Inner Flame              Hex/Fire       38%        N/A       1%          3
 Animate Dead             Necr           14%        N/A       13%         4
 Borgnjor's Vile Clutch   Necr/Erth      14%        N/A       34%         5
 Death Channel            Necr           14%        N/A       89%         6


Dungeon Overview and Level Annotations

Branches:
Dungeon (7/15)             Temple (1/1) D:4           Sewer (visited)

Altars:
Ashenzari
Cheibriados
Dithmenos
Elyvilon
Fedhas
Gozag
Hepliaklqana
Kikubaaqudgha
Makhleb
Nemelex Xobeh
Okawaru
Qazlal
Ru
Sif Muna
Trog
Uskayaw
Vehumet
Wu Jian
Xom
Yredelemnul
Zin
The Shining One

Shops:
D:1 [   D:2 =   D:4 (   D:5 (

Annotations:
D:5 3 runed translucent doors, Artihs's ghost, novice HuCj; emergency's ghost, novice TrGl


Innate Abilities, Weirdness & Mutations

You are a tree.
Your roots penetrate the ground, keeping you stationary.
You cannot be teleported.
You are immune to unholy pain and torment.
Your maximum health is greatly increased.
Your equipment is partially melded.
((You have very sharp teeth.))
Your uncanny sense of smell can sniff out nearby items.
Your experience applies equally to all skills.


Message History

The boulder beetle bites you but does no damage.
You hit the boulder beetle.
The boulder beetle is heavily wounded.
The yak bellows!
Aiming: Iceblast
Press: ? - help, Shift-Dir - straight line, f - boulder beetle
Aim: a boulder beetle (heavily wounded, can't see you)
The mass of ice explodes!
The iceblast engulfs the boulder beetle.
The boulder beetle is heavily wounded.
You flicker for a moment.
You hear a shout! x3
You completely miss the boulder beetle.
The boulder beetle is heavily wounded.
The boulder beetle bites you but does no damage.
The yak bellows!
You thump the boulder beetle!
The boulder beetle is heavily wounded.
The boulder beetle bites you!
You catch the helpless boulder beetle completely off-guard!
You hit the boulder beetle but do no damage.
The boulder beetle is heavily wounded.
The boulder beetle bites you!
* * * LOW HITPOINT WARNING * * *
The boulder beetle bites you but does no damage.
You strike the helpless boulder beetle from behind!
You hit the boulder beetle but do no damage.
You punch the boulder beetle, but do no damage.
The boulder beetle is heavily wounded.
An orc warrior comes into view. It is wielding a +0 war axe.
The boulder beetle bites you but does no damage.
You hit the boulder beetle but do no damage.
The boulder beetle is heavily wounded.
You flicker back into view.
The boulder beetle bites you!!
* * * LOW HITPOINT WARNING * * *
It was a potion of resistance.
You feel protected. The boulder beetle bites you!
You die...

#.#..##.#......#/.vz.
#.#..##†#...#...§.#
#.#..##.#...#.###[#∆
#.#..##.#...#.[...#
#.#..##.##.....#.....
#.#..##.###....# ###.
#.# #.# ##.z.#.....
#..##.#####.....#
#.....♣B...o....#
##.##.#####.#...# ...
#.##.(... #..## #.#
#.... .... ..# #...
###. ### #.. # ∆ #.


You could see a boulder beetle and an orc warrior.

Vanquished Creatures
  A troll (D:6)
  A wyvern (D:7)
  2 water moccasins
  An orc warrior (D:6)
  3 ice beasts (D:7)
  An ogre (D:4)
  3 phantoms
  A kobold brigand (Sewer)
  A necrophage (D:3)
  A wight (D:7)
  6 hounds
  2 jellies
  2 orc priests
  Crazy Yiuf (D:2)
  4 orc wizards
  Ijyb (D:3)
  5 iguanas
  10 adders
  3 gnolls (D:5)
  4 river rats
  A shadow imp (D:7)
  2 ufetubi
  4 worms (Sewer)
  6 dart slugs
  22 orcs
  9 endoplasms
  3 giant cockroaches
  6 goblins
  3 hobgoblins
  4 quokkas
  7 ball pythons
  2 bats
  6 frilled lizards
  9 kobolds
  9 rats
146 creatures vanquished.

Vanquished Creatures (others)
  327 foxfires
  2 withered plants (D:5)
329 creatures vanquished.

Grand Total: 475 creatures vanquished

Notes
Turn   | Place    | Note
-------+----------+-------------------------------------------
     0 | D:1      | Ijustatesigmund the Gnoll Fire Elementalist began the quest
                  | for the Orb.
     0 | D:1      | Reached XP level 1. HP: 13/13 MP: 6/6
   226 | D:1      | Found a faded altar of an unknown god.
   232 | D:1      | Reached XP level 2. HP: 19/19 MP: 4/7
   235 | D:1      | Learned a level 2 spell: Scorch
   296 | D:1      | Found Antil's Armour Shop.
  1007 | D:2      | Reached skill level 5 in Spellcasting
  1007 | D:2      | Reached XP level 3. HP: 25/25 MP: 3/9
  1237 | D:2      | Reached skill level 1 in Invocations
  1317 | D:2      | Found a runed translucent door.
  1318 | D:2      | Noticed Crazy Yiuf
  1324 | D:2      | Killed Crazy Yiuf
  1325 | D:2      | Reached skill level 1 in Fighting
  1325 | D:2      | Reached skill level 1 in Short Blades
  1325 | D:2      | Reached skill level 1 in Long Blades
  1325 | D:2      | Reached skill level 1 in Axes
  1325 | D:2      | Reached skill level 1 in Maces & Flails
  1325 | D:2      | Reached skill level 1 in Polearms
  1325 | D:2      | Reached skill level 1 in Staves
  1325 | D:2      | Reached skill level 1 in Slings
  1325 | D:2      | Reached skill level 1 in Bows
  1325 | D:2      | Reached skill level 1 in Crossbows
  1325 | D:2      | Reached skill level 1 in Throwing
  1325 | D:2      | Reached skill level 1 in Armour
  1325 | D:2      | Reached skill level 1 in Shields
  1325 | D:2      | Reached skill level 1 in Unarmed Combat
  1325 | D:2      | Reached skill level 1 in Evocations
  1325 | D:2      | Reached XP level 4. HP: 12/32 MP: 6/11
  1782 | D:2      | Found Cais's Jewellery Shoppe.
  2158 | D:3      | Found a broken altar of Ashenzari.
  2192 | D:3      | Identified the +1 ring mail of Responsibility {Dex+4}
  2337 | D:3      | Noticed Ijyb
  2342 | D:3      | Reached skill level 1 in Hexes
  2342 | D:3      | Reached skill level 1 in Summonings
  2342 | D:3      | Reached skill level 1 in Necromancy
  2342 | D:3      | Reached skill level 1 in Translocations
  2342 | D:3      | Reached skill level 1 in Transmutations
  2342 | D:3      | Reached skill level 1 in Ice Magic
  2342 | D:3      | Reached skill level 1 in Air Magic
  2342 | D:3      | Reached skill level 1 in Earth Magic
  2342 | D:3      | Reached skill level 1 in Poison Magic
  2348 | D:3      | Killed Ijyb
  2349 | D:3      | Reached XP level 5. HP: 37/37 MP: 5/12
  2884 | D:4      | Found a staircase to the Ecumenical Temple.
  2930 | D:4      | Found a glowing drain.
  2960 | Sewer    | Entered a sewer
  3008 | Sewer    | Reached XP level 6. HP: 44/44 MP: 10/13
  3399 | Sewer    | Reached skill level 5 in Dodging
  3749 | D:4      | Reached XP level 7. HP: 44/50 MP: 9/15
  3821 | D:4      | Found Ihaf Omi's Antique Weapon Shoppe.
  4130 | Temple   | Entered the Ecumenical Temple
  4672 | Temple   | Became a worshipper of Cheibriados the Contemplative
  4855 | D:5      | Entered Level 5 of the Dungeon
  4855 | D:5      | Found a runed translucent gate.
  4855 | D:5      | Found a runed translucent gate.
  4855 | D:5      | Found a runed translucent gate.
  4883 | D:5      | Learned a level 4 spell: Flame Wave
  4977 | D:5      | Reached skill level 5 in Stealth
  5254 | D:5      | Found Nenir's Antique Weapon Boutique.
  5278 | D:5      | Identified the +3 pair of boots of Yroxyih {rPois MP+9
                  | Str+2 Dex-2}
  5357 | D:5      | Reached * piety under Cheibriados
  5358 | D:5      | Reached XP level 8. HP: 55/57 MP: 16/16
  5645 | D:5      | Identified the +8 plate armour of Eternal Night {Stlth+}
  5875 | D:5      | Noticed Artihs's ghost (novice HuCj)
  5876 | D:5      | Noticed emergency's ghost (novice TrGl)
  6282 | D:6      | Noticed a troll
  6291 | D:6      | Killed a troll
  6950 | D:7      | Reached XP level 9. HP: 65/65 MP: 15/18
  6951 | D:7      | Reached ** piety under Cheibriados
  7190 | D:7      | Noticed a boulder beetle
  7245 | D:7      | Slain by a boulder beetle

Illustrated notes

Levels and vault maps discovered:
D:1:      dpeg_arrival_ternary, layout_basic,
          ebering_ecumenical_altar_abandoned, serial_shops, nicolae_shop_stone,
          minmay_tetromino_s2
D:2:      layout_basic, serial_shops,
          nicolae_shop_temple_entry_statues_fountains, chequers_avenue,
          minivault_19, minmay_fountain_box, uniq_crazy_yiuf_cottage
D:3:      layout_rooms, evilmike_ruin_ashenzari, kennysheep_generic_room_8,
          uniq_ijyb
D:4:      layout_cave_pools, minmay_temple_entry_mist, portal_sewer_entry_c,
          serial_shops, nicolae_shop_advertising_works
          [nicolae_subvault_shop_adworks], nrook_uturn
D:5:      layout_rooms, serial_shops, shop_statue, gammafunk_ghost_cemetery
D:6:      layout_loops_cross
D:7:      hangedman_cross_stitches, layout_basic, uniq_duvessa, uniq_menkaure
Temple:   mainiacjoe_temple_starburst

Skill      XL: |  1  2  3  4  5  6  7  8  9 |
---------------+----------------------------+-----
Conjurations   | 2 3 4 |  4.1
Spellcasting   | 5 6 |  6.6
Invocations    | 1 2 3 4 |  4.6
Fighting       | 1 2 3 4 |  4.2
Short Blades   | 1 2 3 4 |  4.2
Long Blades    | 1 2 3 4 |  4.2
Axes           | 1 2 3 4 |  4.2
Maces & Flails | 1 2 3 4 |  4.2
Polearms       | 1 2 3 4 |  4.2
Staves         | 1 2 3 4 |  4.2
Slings         | 1 2 3 4 |  4.2
Bows           | 1 2 3 4 |  4.2
Crossbows      | 1 2 3 4 |  4.2
Throwing       | 1 2 3 4 |  4.2
Armour         | 1 2 3 4 |  4.2
Shields        | 1 2 3 4 |  4.2
Unarmed Combat | 1 2 3 4 |  4.2
Evocations     | 1 2 3 4 |  4.2
Hexes          | 1 2 3 |  3.4
Summonings     | 1 2 3 |  3.4
Necromancy     | 1 2 3 |  3.4
Translocations | 1 2 3 |  3.4
Transmutations | 1 2 3 |  3.4
Ice Magic      | 1 2 3 |  3.4
Air Magic      | 1 2 3 |  3.4
Earth Magic    | 1 2 3 |  3.4
Poison Magic   | 1 2 3 |  3.4
Dodging        | 5 6 |  6.3
Stealth        | 5 6 |  6.0
Fire Magic     | 6 |  6.5

Action                   |  1- 3 |  4- 6 |  7- 9 || total
-------------------------+-------+-------+-------++-------
Melee: Short sword       |       |     1 |       ||     1
       Mace              |       |       |    10 ||    10
       Bite              |       |       |     2 ||     2
       Punch             |       |       |     4 ||     4
       Flail             |       |       |    12 ||    12
 Cast: Foxfire           |    36 |    77 |    80 ||   193
       Scorch            |     6 |    11 |    40 ||    57
       Flame Wave        |       |       |    11 ||    11
Evoke: Wand              |       |     2 |     5 ||     7
  Use: Scroll            |     6 |     6 |     3 ||    15
       Potion            |       |     4 |     9 ||    13
 Stab: Invisible         |       |       |     3 ||     3
Armor: Robe              |     2 |     4 |    16 ||    22
       Troll leather arm |       |       |    18 ||    18
       Skin              |       |       |    10 ||    10
Dodge: Dodged            |     1 |     8 |    59 ||    68

Table legend: (Time is in decaauts)
 A = Elapsed time spent in this place.
 B = Non-inter-level travel time spent in this place.
 C = Inter-level travel time spent in this place.
 D = Time resting spent in this place.
 E = Time spent auto-exploring this place.
 F = Levels seen in this place.
 G = Mean time per level.
                   A        B        C        D        E       F      G
               +--------+--------+--------+--------+--------+-----+--------+
         Total |   7764 |   7518 |    246 |    801 |   5417 |   9 |  862.7 |
       Dungeon |   6342 |   6209 |    133 |    558 |   4608 |   7 |  906.0 |
        Temple |    612 |    499 |    113 |      0 |    492 |   1 |  612.0 |
         Sewer |    809 |    809 |      0 |    243 |    316 |   1 |  809.0 |
               +--------+--------+--------+--------+--------+-----+--------+

Top non-repeatable levels by time:
     D:2: 1324 daAuts
     D:5: 1232 daAuts
     D:6: 1196 daAuts
   Sewer: 809 daAuts
     D:4: 800 daAuts
     D:3: 771 daAuts
     D:1: 668 daAuts
  Temple: 612 daAuts
     D:7: 349 daAuts
